 Dungeon Crawl Stone Soup version 0.21.1-1-g345015f (webtiles) character file.

4671 tidbits the Martial Artist (level 10, -3/76 HPs)
             Began as a Gnoll Transmuter on Feb 14, 2018.
             Was a Follower of Cheibriados.
             Slain by a manticore (10 damage)
             ... on level 8 of the Dungeon.
             The game lasted 00:33:19 (2469 turns).

tidbits the Martial Artist (Gnoll Transmuter)       Turns: 2469, Time: 00:33:19

Health: -3/76      AC:  7    Str: 16    XL:     10   Next: 44%
Magic:  10/20      EV: 17    Int: 21    God:    Cheibriados [*.....]
Gold:   231        SH:  2    Dex: 19    Spells: 6/23 levels left

rFire    . . .     SeeInvis .     - Unarmed
rCold    . . .     Gourm    .   (shield currently unavailable)
rNeg     . . .     Faith    .   B - +0 leather armour
rPois    .         Spirit   .   (no helmet)
rElec    .         Reflect  +   C - +0 cloak
rCorr    .         Harm     .   (gloves currently unavailable)
MR       .....                  F - +1 pair of boots
Stlth    +++.......             b - +2 amulet of reflection
HPRegen  0.22/turn              (no ring)
MPRegen  0.17/turn              (no ring)

@: blade hands, very slow
A: distributed training, fangs 1, strong nose
a: End Transformation, Bend Time, Renounce Religion


You were on level 8 of the Dungeon.
You worshipped Cheibriados.
Cheibriados was aware of your devotion.
You were hungry.
You had blades for hands.
You visited 2 branches of the dungeon, and saw 11 of its levels.
You also visited: Sewer.

You collected 231 gold pieces.

Inventory:

Hand Weapons
 h - a +3 quarterstaff of chaos
   (You took it off Crazy Yiuf on level 2 of the Dungeon)
 j - a +0 dagger (melded)
 q - a +1 vampiric war axe
   (You took it off an orc on level 5 of the Dungeon)
 v - a +3 scimitar of flaming
   (You took it off an efreet on level 8 of the Dungeon)
 I - a +0 flail of holy wrath
   (You took it off an orc warrior on level 8 of the Dungeon)
Missiles
 a - 42 arrows
 f - 4 tomahawks (quivered)
 i - 12 poisoned needles
 A - a throwing net {!f}
 G - 44 stones
Armour
 n - a +0 shield
 p - the +8 chain mail of the Tundras {rElec rPois rC+}
   (You found it on level 5 of the Dungeon)

   It protects you from cold.
   It insulates you from electricity.
   It protects you from poison.
 r - a +0 robe
 B - a +0 leather armour (worn)
 C - a +0 cloak (worn)
 D - a +0 buckler (melded)
 F - a +1 pair of boots (worn)
Jewellery
 b - a +2 amulet of reflection (around neck)
   (You found it on level 5 of the Dungeon)
Wands
 w - a wand of random effects (39)
 H - a wand of flame (32)
Scrolls
 g - a scroll of teleportation
 l - a scroll of blinking
 m - 3 scrolls of amnesia
 s - 2 scrolls of fog
 E - 2 scrolls of identify
Potions
 k - 2 potions of flight
 o - a potion of haste
 z - 2 potions of berserk rage
Books
 c - a book of Changes

   Spells                             Type                      Level
   a - Beastly Appendage              Transmutation                1
   b - Sticks to Snakes               Transmutation                2
   c - Spider Form                    Transmutation/Poison         3
   d - Ice Form                       Ice/Transmutation            4
   e - Blade Hands                    Transmutation                5
 e - a book of Geomancy
   (You found it on level 8 of the Dungeon)

   Spells                             Type                      Level
   a - Sandblast                      Earth                        1
   b - Passwall                       Transmutation/Earth          2
   c - Stone Arrow                    Conjuration/Earth            3
   d - Petrify                        Transmutation/Earth          4
   e - Lee's Rapid Deconstruction     Earth                        5
 y - a Young Poisoner's Handbook
   (You found it on level 7 of the Dungeon)

   Spells                             Type                      Level
   a - Sting                          Conjuration/Poison           1
   b - Poisonous Vapours              Poison/Air                   2
   c - Mephitic Cloud                 Conjuration/Poison/Air       3
   d - Olgreb's Toxic Radiance        Poison                       4
   e - Venom Bolt                     Conjuration/Poison           5
 J - a book of the Tempests
   (You found it on level 8 of the Dungeon)

   Spells                             Type                      Level
   a - Static Discharge               Conjuration/Air              3
   b - Lightning Bolt                 Conjuration/Air              5
   c - Ignition                       Fire                         8
   d - Tornado                        Air                          9
   e - Shatter                        Earth                        9
Comestibles
 d - 3 rations


   Skills:
 + Level 5.8 Fighting
 + Level 5.2 Short Blades
 + Level 5.2 Long Blades
 + Level 5.2 Axes
 + Level 5.2 Maces & Flails
 + Level 5.2 Polearms
 + Level 5.2 Staves
 + Level 5.2 Slings
 + Level 5.2 Bows
 + Level 5.2 Crossbows
 + Level 5.2 Throwing
 + Level 5.2 Armour
 + Level 7.0 Dodging
 + Level 5.2 Stealth
 + Level 5.2 Shields
 + Level 8.4 Unarmed Combat
 + Level 7.3 Spellcasting
 + Level 4.3 Conjurations
 + Level 4.3 Hexes
 + Level 4.3 Charms
 + Level 4.3 Summonings
 + Level 4.3 Necromancy
 + Level 4.3 Translocations
 + Level 5.8 Transmutations
 + Level 4.3 Fire Magic
 + Level 4.3 Ice Magic
 + Level 4.3 Air Magic
 + Level 4.3 Earth Magic
 + Level 4.3 Poison Magic
 + Level 5.7 Invocations
 + Level 5.2 Evocations


You had 6 spell levels left.
You knew the following spells:

 Your Spells              Type           Power        Failure   Level  Hunger
a - Sandblast             Erth           ####..       21%         1    None
b - Spider Form           Tmut/Pois      ####......   28%         3    None
e - Beastly Appendage     Tmut           ####..       14%         1    None
h - Blade Hands           Tmut           ####......   69%         5    #####..
k - Sticks to Snakes      Tmut           ####....     17%         2    None
m - Mephitic Cloud        Conj/Pois/Air  ####....     34%         3    None
p - Passwall              Tmut/Erth      ####......   21%         2    None


Dungeon Overview and Level Annotations

Branches:
Dungeon (10/15)            Temple (1/1) D:7            Lair (0/6) D:9
    Orc: D:9-12

Altars:
Cheibriados
Dithmenos
Gozag
Nemelex Xobeh
Okawaru
Qazlal
Ru
Sif Muna
Trog
Uskayaw
Vehumet
Yredelemnul
Zin
The Shining One

Shops:
D:7 (

Annotations:
D:7 exclusion: cyclops


Innate Abilities, Weirdness & Mutations

Your experience applies equally to all skills.
You have very sharp teeth.
Your uncanny sense of smell can sniff out nearby items.


Message History

You are poisoned.
The scorpion poisons you!
Unknown command.
You slash the scorpion!
The scorpion is heavily wounded.
You feel sick. The scorpion stings you.
Your adder closely misses the scorpion.
Your water moccasin bites the scorpion but does no damage.
A jelly comes into view.
You hit the scorpion but do no damage.
The scorpion is heavily wounded.
Your adder closely misses the scorpion.
Your water moccasin barely misses the scorpion.
The scorpion closely misses you.
You hit the scorpion.
You bite the scorpion, but do no damage.
The scorpion is severely wounded.
Your adder bites the scorpion.
Your water moccasin bites the scorpion.
The scorpion completely misses you.
Okay, then.
You feel better.
Your water moccasin closely misses the scorpion.
Your adder bites the scorpion but does no damage.
The scorpion stings you.
You hit the scorpion.
You kill the scorpion!
Cheibriados appreciates the change of pace.
The jelly completely misses you.
Something closely misses your water moccasin.
You slice the jelly!!
You kill the jelly!
Cheibriados appreciates the change of pace.
Something hits your water moccasin!
You swap places.
The gargoyle hits you with a flail!
Unknown command.
You slash the gargoyle!
You bite the gargoyle, but do no damage.
The gargoyle is heavily damaged.
The gargoyle hurls a stone arrow at you.
The stone arrow misses you.
Unknown command.
You hit the gargoyle but do no damage.
You bite the gargoyle, but do no damage.
The gargoyle is heavily damaged.
Your hands revert to their normal proportions.
Your +0 dagger unmelds from your body.
Your +0 buckler unmelds from your body.
The gargoyle barely misses you.
Fire/throw which item? (* to show all) (? for menu, Esc to quit)
Really fire
A - 2 throwing nets {!f}?
Press: ? - help, Shift-Dir - straight line, f - manticore
Aim: a manticore You throw a throwing net {!f}.
The throwing net {!f} barely misses the gargoyle.
The throwing net {!f} hits the manticore.
The manticore is caught in the net!
The manticore struggles against the net.
The gargoyle barely misses you.
Casting: Sticks to Snakes
Confirm with . or Enter, or press ? or * to list all spells.
Your hands turn into razor-sharp scythe blades.
Your +0 dagger melds into your body.
Your +0 buckler melds into your body.
You are feeling hungry.
The crimson imp blinks!
The manticore struggles against the net.
You slash the gargoyle!
You destroy the gargoyle!
Cheibriados appreciates the change of pace.
Your Dodging skill increases to level 7!
The manticore struggles against the net. x2
The net rips apart, and the manticore comes free!
You see here a flail.
Unknown command.
You hit the manticore but do no damage. The manticore closely misses you.
The manticore barely misses you. The manticore completely misses you.
You slice the manticore!!
The manticore is heavily wounded.
The crimson imp blinks!
The manticore bites you!!
* * * LOW HITPOINT WARNING * * *
The manticore claws you.
* * * LOW HITPOINT WARNING * * *
The manticore claws you!
* * * LOW HITPOINT WARNING * * *
You feel much better. The manticore bites you!!
* * * LOW HITPOINT WARNING * * *
The manticore claws you!
* * * LOW HITPOINT WARNING * * *
You block the manticore's attack.
Okay, then.
Press: ? - help, v - describe, . - travel, g - get item A shiny plate armour.
The floor.
Unknown command.
Okay, then.
You feel much better.
You feel a little less clever now. The manticore bites you!
* * * LOW HITPOINT WARNING * * *
The manticore claws you!
* * * LOW HITPOINT WARNING * * *
The manticore claws you!
You die...

.###.#...._._..⌠.#)S#S.#.###.#.##
.....#...........####..#..###(#.#
.##..##.........#########..#####.
##..##..⌠.⌠..###..# ##..###.. ##
##..##.....###..# # ##..#..# .#
#...###.####..# .## ###.### .#
#.#.#.#...#..# ...## #..#.}#
.####...#...#.#)##Y.):.# #.##..#
........#.#....#@Hoo#∆ ∆ #.#.###
<####.#.#...#.#S##D§[).# #.'##.#
'####.#.#.#...#S.# ...## #.....#
....(.(.########..# .## ###.###
..###..##.....###..# # ##.....#
......##.#####.###..# ##...(†..
..#..##.#.....#.#########...#)#..
..#..#.#.)###..#.#....##....#.#..
###..#.#.#...#.#.#####.#...##.##.


You could see a manticore, an acid dragon, an ice beast, 2 orcs and 2 friendly
water moccasins.

Vanquished Creatures
  2 two-headed ogres (D:8)
  A gargoyle (D:8)
  An efreet (D:8)
  Grinder (D:3)
  A vampire (D:8)
  Menkaure (D:4)
  2 orc warriors
  4 sky beasts
  A phantom (D:8)
  A necrophage (D:8)
  4 ogres
  A big kobold (D:8)
  2 bullfrogs (D:8)
  3 scorpions
  A centaur zombie (D:8)
  4 crimson imps
  3 jellies (D:8)
  3 orc wizards
  Crazy Yiuf (D:2)
  A bullfrog skeleton (D:8)
  A hound (D:6)
  Natasha (twice) (D:2)
  6 worker ants
  A killer bee zombie (D:5)
  9 adders
  5 river rats (Sewer)
  A shadow imp (D:8)
  An ooze (Sewer)
  An adder zombie (D:6)
  2 adder skeletons (D:8)
  7 leopard geckos
  12 orcs
  5 giant cockroaches
  A goblin (D:2)
  6 hobgoblins
  7 jackals
  5 ball pythons (Sewer)
  A bat (D:3)
  2 frilled lizards
  18 kobolds
  24 rats
155 creatures vanquished.

Vanquished Creatures (collateral kills)
  An orc warrior (D:5)
  An eye of draining (D:5)
  A big kobold (D:8)
  A bullfrog (D:6)
  A centaur skeleton (D:8)
  An orc priest (D:3)
  A goblin (D:5)
  A rat (D:3)
8 creatures vanquished.

Vanquished Creatures (others)
  A centaur (D:8)
1 creature vanquished.

Grand Total: 164 creatures vanquished

Notes
Turn   | Place    | Note
-------+----------+-------------------------------------------
     0 | D:1      | tidbits the Gnoll Transmuter began the quest for the Orb.
     0 | D:1      | Reached XP level 1. HP: 17/17 MP: 6/6
   144 | D:1      | Reached XP level 2. HP: 13/23 MP: 5/7
   151 | D:1      | Learned a level 2 spell: Sticks to Snakes
   198 | D:2      | Noticed Natasha
   208 | D:2      | Killed Natasha
   208 | D:2      | Reached skill level 5 in Spellcasting
   208 | D:2      | Reached XP level 3. HP: 9/28 MP: 4/9
   215 | D:2      | Reached skill level 1 in Invocations
   220 | D:2      | Reached skill level 1 in Short Blades
   220 | D:2      | Reached skill level 1 in Long Blades
   220 | D:2      | Reached skill level 1 in Axes
   220 | D:2      | Reached skill level 1 in Maces & Flails
   220 | D:2      | Reached skill level 1 in Polearms
   220 | D:2      | Reached skill level 1 in Staves
   220 | D:2      | Reached skill level 1 in Slings
   220 | D:2      | Reached skill level 1 in Bows
   220 | D:2      | Reached skill level 1 in Crossbows
   220 | D:2      | Reached skill level 1 in Throwing
   220 | D:2      | Reached skill level 1 in Armour
   220 | D:2      | Reached skill level 1 in Stealth
   220 | D:2      | Reached skill level 1 in Shields
   220 | D:2      | Reached skill level 1 in Evocations
   225 | D:2      | Learned a level 3 spell: Spider Form
   265 | D:2      | Reached XP level 4. HP: 20/34 MP: 4/11
   285 | D:2      | Found a runed door.
   291 | D:2      | Noticed Crazy Yiuf
   291 | D:2      | Noticed Natasha
   295 | D:2      | Killed Natasha
   299 | D:2      | Killed Crazy Yiuf
   299 | D:2      | Reached skill level 1 in Conjurations
   299 | D:2      | Reached skill level 1 in Hexes
   299 | D:2      | Reached skill level 1 in Charms
   299 | D:2      | Reached skill level 1 in Summonings
   299 | D:2      | Reached skill level 1 in Necromancy
   299 | D:2      | Reached skill level 1 in Translocations
   299 | D:2      | Reached skill level 1 in Fire Magic
   299 | D:2      | Reached skill level 1 in Ice Magic
   299 | D:2      | Reached skill level 1 in Air Magic
   299 | D:2      | Reached skill level 1 in Earth Magic
   299 | D:2      | Reached skill level 1 in Poison Magic
   394 | D:3      | Noticed Grinder
   395 | D:3      | Paralysed by Grinder for 5 turns
   408 | D:2      | Reached XP level 5. HP: 26/40 MP: 4/12
   490 | D:3      | Killed Grinder
   490 | D:3      | Reached skill level 3 in Fighting
   490 | D:3      | Reached skill level 4 in Transmutations
   490 | D:3      | Reached skill level 2 in Invocations
   490 | D:3      | Reached XP level 6. HP: 23/47 MP: 4/14
   534 | D:3      | Found a glowing golden altar of the Shining One.
   544 | D:4      | Noticed Menkaure
   550 | D:4      | Reached skill level 2 in Short Blades
   550 | D:4      | Reached skill level 2 in Long Blades
   550 | D:4      | Reached skill level 2 in Axes
   550 | D:4      | Reached skill level 2 in Maces & Flails
   550 | D:4      | Reached skill level 2 in Polearms
   550 | D:4      | Reached skill level 2 in Staves
   550 | D:4      | Reached skill level 2 in Slings
   550 | D:4      | Reached skill level 2 in Bows
   550 | D:4      | Reached skill level 2 in Crossbows
   550 | D:4      | Reached skill level 2 in Throwing
   550 | D:4      | Reached skill level 2 in Armour
   550 | D:4      | Reached skill level 5 in Dodging
   550 | D:4      | Reached skill level 2 in Stealth
   550 | D:4      | Reached skill level 2 in Shields
   550 | D:4      | Reached skill level 2 in Evocations
   573 | D:3      | Reached XP level 7. HP: 16/52 MP: 6/15
   578 | D:3      | Found a faded altar of an unknown god.
   627 | D:4      | HP: 4/52 [Menkaure (16)]
   628 | D:4      | Killed Menkaure
   628 | D:4      | Reached skill level 7 in Unarmed Combat
   640 | D:4      | Found a glowing silver altar of Zin.
   731 | D:5      | Entered Level 5 of the Dungeon
   763 | D:6      | Reached skill level 2 in Conjurations
   763 | D:6      | Reached skill level 2 in Hexes
   763 | D:6      | Reached skill level 2 in Charms
   763 | D:6      | Reached skill level 2 in Summonings
   763 | D:6      | Reached skill level 2 in Necromancy
   763 | D:6      | Reached skill level 2 in Translocations
   763 | D:6      | Reached skill level 2 in Fire Magic
   763 | D:6      | Reached skill level 2 in Ice Magic
   763 | D:6      | Reached skill level 2 in Air Magic
   763 | D:6      | Reached skill level 2 in Earth Magic
   763 | D:6      | Reached skill level 2 in Poison Magic
   828 | D:7      | Reached skill level 3 in Invocations
   831 | D:7      | Noticed a cyclops
   861 | D:6      | Reached XP level 8. HP: 33/60 MP: 8/16
   920 | D:5      | Reached skill level 4 in Fighting
   920 | D:5      | Reached skill level 3 in Short Blades
   920 | D:5      | Reached skill level 3 in Long Blades
   920 | D:5      | Reached skill level 3 in Axes
   920 | D:5      | Reached skill level 3 in Maces & Flails
   920 | D:5      | Reached skill level 3 in Polearms
   920 | D:5      | Reached skill level 3 in Staves
   920 | D:5      | Reached skill level 3 in Slings
   920 | D:5      | Reached skill level 3 in Bows
   920 | D:5      | Reached skill level 3 in Crossbows
   920 | D:5      | Reached skill level 3 in Throwing
   920 | D:5      | Reached skill level 3 in Armour
   920 | D:5      | Reached skill level 3 in Stealth
   920 | D:5      | Reached skill level 3 in Shields
   920 | D:5      | Reached skill level 3 in Evocations
   958 | D:5      | Found a bloodstained altar of Trog.
   965 | D:5      | Reached skill level 6 in Spellcasting
   973 | D:5      | Got a bloodstained chain mail
  1027 | D:5      | Identified the +8 chain mail of the Tundras {rElec rPois rC+} (You found it on level 5 of the Dungeon)
  1115 | D:5      | Found a glowing drain.
  1133 | Sewer    | Entered a sewer
  1244 | Sewer    | Reached skill level 4 in Invocations
  1302 | Sewer    | Reached skill level 3 in Conjurations
  1302 | Sewer    | Reached skill level 3 in Hexes
  1302 | Sewer    | Reached skill level 3 in Charms
  1302 | Sewer    | Reached skill level 3 in Summonings
  1302 | Sewer    | Reached skill level 3 in Necromancy
  1302 | Sewer    | Reached skill level 3 in Translocations
  1302 | Sewer    | Reached skill level 3 in Fire Magic
  1302 | Sewer    | Reached skill level 3 in Ice Magic
  1302 | Sewer    | Reached skill level 3 in Air Magic
  1302 | Sewer    | Reached skill level 3 in Earth Magic
  1302 | Sewer    | Reached skill level 3 in Poison Magic
  1521 | D:8      | Reached XP level 9. HP: 51/66 MP: 15/18
  1561 | D:7      | Found a staircase to the Ecumenical Temple.
  1567 | Temple   | Entered the Ecumenical Temple
  1599 | Temple   | Became a worshipper of Cheibriados the Contemplative
  1648 | D:7      | Found a sparkling altar of Nemelex Xobeh.
  1701 | D:7      | Reached skill level 6 in Dodging
  1712 | D:7      | Found Kiorec's Antique Weapon Shop.
  1765 | D:8      | Reached skill level 5 in Transmutations
  1812 | D:8      | Learned a level 2 spell: Passwall
  1947 | D:8      | Noticed an efreet
  1948 | D:8      | Noticed a two-headed ogre
  1949 | D:8      | Found a runed door.
  1960 | D:8      | Noticed a two-headed ogre
  1977 | D:8      | Reached skill level 4 in Short Blades
  1977 | D:8      | Reached skill level 4 in Long Blades
  1977 | D:8      | Reached skill level 4 in Axes
  1977 | D:8      | Reached skill level 4 in Maces & Flails
  1977 | D:8      | Reached skill level 4 in Polearms
  1977 | D:8      | Reached skill level 4 in Staves
  1977 | D:8      | Reached skill level 4 in Slings
  1977 | D:8      | Reached skill level 4 in Bows
  1977 | D:8      | Reached skill level 4 in Crossbows
  1977 | D:8      | Reached skill level 4 in Throwing
  1977 | D:8      | Reached skill level 4 in Armour
  1977 | D:8      | Reached skill level 4 in Stealth
  1977 | D:8      | Reached skill level 4 in Shields
  1977 | D:8      | Reached skill level 4 in Evocations
  2037 | D:8      | Reached skill level 5 in Fighting
  2043 | D:9      | Found a staircase to the Lair.
  2062 | D:8      | Learned a level 5 spell: Blade Hands
  2125 | D:9      | Learned a level 1 spell: Sandblast
  2129 | D:10     | Entered Level 10 of the Dungeon
  2294 | D:8      | Killed a two-headed ogre
  2294 | D:8      | Reached skill level 8 in Unarmed Combat
  2294 | D:8      | Reached skill level 5 in Invocations
  2312 | D:8      | Reached XP level 10. HP: 45/74 MP: 12/20
  2325 | D:8      | Reached * piety under Cheibriados
  2325 | D:8      | Reached skill level 7 in Spellcasting
  2374 | D:8      | Learned a level 3 spell: Mephitic Cloud
  2384 | D:8      | Found a snail-covered altar of Cheibriados.
  2386 | D:8      | Found a hide-covered altar of Uskayaw.
  2386 | D:8      | Found a stormy altar of Qazlal.
  2386 | D:8      | Found a stormy altar of Qazlal.
  2408 | D:8      | Reached skill level 4 in Conjurations
  2408 | D:8      | Reached skill level 4 in Hexes
  2408 | D:8      | Reached skill level 4 in Charms
  2408 | D:8      | Reached skill level 4 in Summonings
  2408 | D:8      | Reached skill level 4 in Necromancy
  2408 | D:8      | Reached skill level 4 in Translocations
  2408 | D:8      | Reached skill level 4 in Fire Magic
  2408 | D:8      | Reached skill level 4 in Ice Magic
  2408 | D:8      | Reached skill level 4 in Air Magic
  2408 | D:8      | Reached skill level 4 in Earth Magic
  2408 | D:8      | Reached skill level 4 in Poison Magic
  2411 | D:8      | Killed a two-headed ogre
  2411 | D:8      | Reached skill level 5 in Short Blades
  2411 | D:8      | Reached skill level 5 in Long Blades
  2411 | D:8      | Reached skill level 5 in Axes
  2411 | D:8      | Reached skill level 5 in Maces & Flails
  2411 | D:8      | Reached skill level 5 in Polearms
  2411 | D:8      | Reached skill level 5 in Staves
  2411 | D:8      | Reached skill level 5 in Slings
  2411 | D:8      | Reached skill level 5 in Bows
  2411 | D:8      | Reached skill level 5 in Crossbows
  2411 | D:8      | Reached skill level 5 in Throwing
  2411 | D:8      | Reached skill level 5 in Armour
  2411 | D:8      | Reached skill level 5 in Stealth
  2411 | D:8      | Reached skill level 5 in Shields
  2411 | D:8      | Reached skill level 5 in Evocations
  2439 | D:8      | Noticed a manticore
  2448 | D:8      | Noticed a gargoyle
  2464 | D:8      | Killed a gargoyle
  2464 | D:8      | Reached skill level 7 in Dodging
  2467 | D:8      | HP: 7/76 [manticore (9)]
  2469 | D:8      | Slain by a manticore

Skill      XL: |  1  2  3  4  5  6  7  8  9 10 |
---------------+-------------------------------+-----
Spellcasting   | 5 6 7 |  7.3
Invocations    | 1 2 3 4 5 |  5.7
Short Blades   | 1 2 3 4 5 |  5.2
Long Blades    | 1 2 3 4 5 |  5.2
Axes           | 1 2 3 4 5 |  5.2
Maces & Flails | 1 2 3 4 5 |  5.2
Polearms       | 1 2 3 4 5 |  5.2
Staves         | 1 2 3 4 5 |  5.2
Slings         | 1 2 3 4 5 |  5.2
Bows           | 1 2 3 4 5 |  5.2
Crossbows      | 1 2 3 4 5 |  5.2
Throwing       | 1 2 3 4 5 |  5.2
Armour         | 1 2 3 4 5 |  5.2
Stealth        | 1 2 3 4 5 |  5.2
Shields        | 1 2 3 4 5 |  5.2
Evocations     | 1 2 3 4 5 |  5.2
Conjurations   | 1 2 3 4 |  4.3
Hexes          | 1 2 3 4 |  4.3
Charms         | 1 2 3 4 |  4.3
Summonings     | 1 2 3 4 |  4.3
Necromancy     | 1 2 3 4 |  4.3
Translocations | 1 2 3 4 |  4.3
Fire Magic     | 1 2 3 4 |  4.3
Ice Magic      | 1 2 3 4 |  4.3
Air Magic      | 1 2 3 4 |  4.3
Earth Magic    | 1 2 3 4 |  4.3
Poison Magic   | 1 2 3 4 |  4.3
Fighting       | 3 4 5 |  5.8
Transmutations | 4 5 |  5.8
Dodging        | 5 6 7 |  7.0
Unarmed Combat | 7 8 |  8.4

Action                   |  1- 3 |  4- 6 |  7- 9 | 10-12 || total
-------------------------+-------+-------+-------+-------++-------
Melee: Unarmed           |    46 |    31 |   103 |    27 ||   207
       Headbutt          |     6 |       |    20 |       ||    26
       Kick              |     5 |       |       |       ||     5
       Bite              |     1 |       |    20 |     7 ||    28
       Dagger            |       |     5 |     3 |     3 ||    11
       War axe           |       |       |   198 |       ||   198
       Punch             |       |       |     1 |     2 ||     3
Throw: Throwing net      |       |       |       |     1 ||     1
 Cast: Beastly Appendage |     7 |       |    11 |       ||    18
       Sticks to Snakes  |     1 |     7 |    16 |     4 ||    28
       Spider Form       |     2 |     6 |    15 |     1 ||    24
       Passwall          |       |       |     2 |       ||     2
       Blade Hands       |       |       |       |     3 ||     3
       Sandblast         |       |       |       |     3 ||     3
Invok: Bend Time         |       |       |     1 |       ||     1
 Abil: End Transformatio |       |       |     2 |       ||     2
  Use: Potion            |     2 |     2 |     7 |     6 ||    17
       Scroll            |       |       |    11 |       ||    11
 Stab: Sleeping          |     2 |     1 |     2 |     1 ||     6
       Distracted        |       |       |     2 |       ||     2
  Eat: Ration            |       |       |     3 |       ||     3
       Chunk             |       |       |     1 |     1 ||     2
Armor: Robe              |     1 |     3 |     1 |       ||     5
       Skin              |       |       |     2 |       ||     2
       Chain mail        |       |       |   179 |       ||   179
       Leather armour    |       |       |     1 |     1 ||     2
Dodge: Dodged            |    28 |    16 |   226 |    21 ||   291
Block: Other             |       |       |    11 |     1 ||    12
       Buckler           |       |       |    38 |     5 ||    43
       Reflection        |       |       |     3 |       ||     3

Table legend:
 A = Turns spent in this place as a percentage of turns spent in the entire game.
 B = Non-inter-level travel turns spent in this place as a percentage of non-inter-level travel turns spent in the entire game.
 C = Inter-level travel turns spent in this place as a percentage of turns spent in this place.
 D = Turns resting spent in this place as a percentage of non-inter-level travel turns spent in this place.
 E = Turns spent auto-exploring this place as a percentage of non-inter-level travel turns spent in this place.
 F = Non-inter-level travel turns spent in this place divided by the number of levels of this place that you've seen.
                   A       B       C       D       E      F
               +-------+-------+-------+-------+-------+----------------------
         Total | 100.0 | 100.0 |   2.1 |   0.0 |   0.0 | 201.4
       Dungeon |  85.1 |  86.0 |   1.0 |   0.0 |   0.0 | 207.9
        Temple |   2.6 |   1.4 |  47.7 |   0.0 |   0.0 |  34.0
         Sewer |  12.3 |  12.6 |   0.0 |   0.0 |   0.0 | 304.0
               +-------+-------+-------+-------+-------+----------------------

Table legend:
 A = Kills in this place as a percentage of kills in entire the game.
 B = Kills by you in this place as a percentage of kills by you in the entire game.
 C = Kills by friends in this place as a percentage of kills by friends in the entire game.
 D = Other kills in this place as a percentage of other kills in the entire game.
 E = Experience gained in this place as a percentage of experience gained in the entire game.
 F = Experience gained in this place divided by the number of levels of this place that you have seen.
                   A       B       C       D       E      F
               +-------+-------+-------+-------+-------+----------------------
         Total | 100.0 | 100.0 | 100.0 | 100.0 | 100.0 | 556.2
       Dungeon |  70.7 |  69.0 | 100.0 | 100.0 |  97.8 | 652.6
         Sewer |  29.3 |  31.0 |   0.0 |   0.0 |   2.2 | 148.0
               +-------+-------+-------+-------+-------+----------------------

Vault maps used:
D:1:      shiori_arrival_elements
D:2:      uniq_natasha, uniq_crazy_yiuf_cottage
D:3:      lemuel_round_altar, chequers_ecumenical_altar_simple, uniq_grinder
D:4:      nicolae_overflow_crystal_walls, kennysheep_mini_moat,
          marbit_many_paths, uniq_menkaure
D:5:      grunt_temple_overflow_forces_of_nature,
          grunt_temple_overflow_champion_of_chaos, trog_eyes_of_draining,
          first_ration, portal_sewer_entry_f, uniq_edmund
D:6:      serial_shops, nicolae_shop_statue_plus,
          nicolae_shop_overgrown_old_shop, uniq_blork_the_orc
D:7:      lemuel_round_altar, nemelex_xobeh_ov_fountains_minmay, temple_green,
          serial_shops, shop
D:8:      minmay_the_grid_octo_tiled_octocenter, cheibrodos_ashenzari_chains
D:9:      overflow_temple_1_default, minmay_lair_entry_lava, serial_shops, shop,
          grunt_pizzeria
Temple:   kb_temple_of_zot
Sewer:    sewer_minmay_treatment
